 Dungeon Crawl Stone Soup version 0.21.1-1-g345015f (webtiles) character file.

11233 Mesmaeker13 the Grappler (level 11, 0/115 HPs)
             Began as a Troll Monk on June 2, 2018.
             Was a High Priest of Trog.
             Slain by a five-headed hydra (1 damage)
             ... on level 11 of the Dungeon.
             The game lasted 00:16:37 (9416 turns).

Mesmaeker13 the Grappler (Troll Monk)               Turns: 9416, Time: 00:16:37

Health: 0/115      AC: 10    Str: 22    XL:     11   Next: 46%
Magic:  11/11      EV: 11    Int:  6    God:    Trog [*****.]
Gold:   596        SH:  0    Dex: 14    Spells: 10/10 levels left

rFire    . . .     SeeInvis +     - Unarmed
rCold    . . .     Gourm    +   (no shield)
rNeg     . . .     Faith    .   p - +2 robe {Archmagi}
rPois    .         Spirit   .   Q - +2 hat
rElec    .         Reflect  .   M - +0 cloak
rCorr    .         Harm     .   (gloves unavailable)
MR       .....                  (boots unavailable)
Stlth    ++........             (no amulet)
HPRegen  0.69/turn              u - +4 ring of slaying
MPRegen  0.12/turn              J - ring of see invisible

@: no status effects
A: large, unfitting armour, claws 3, fast metabolism 3, gourmand, regeneration
1, shaggy fur 1, tough skin 2
a: Berserk, Trog's Hand, Brothers in Arms, Burn Spellbooks, Renounce Religion


You were on level 11 of the Dungeon.
You worshipped Trog.
Trog was extremely pleased with you.
You were completely stuffed.

You visited 2 branches of the dungeon, and saw 12 of its levels.

You collected 684 gold pieces.
You spent 88 gold pieces at shops.

Inventory:

Hand Weapons
 f - a +0 blowgun
 g - a +2 battleaxe of flaming
Missiles
 j - 56 poisoned needles
 o - 6 javelins (quivered)
 v - 5 tomahawks of returning
 E - 9 curare-tipped needles
 K - 3 needles of confusion
Armour
 h - a +0 shield
 p - a +2 robe of the Archmagi (worn)
 M - a +0 cloak (worn)
 Q - a +2 hat (worn)
Jewellery
 u - a +4 ring of slaying (left claw)
 w - an uncursed ring of positive energy
 z - an uncursed ring of wizardry {unknown}
 A - an uncursed amulet of faith {unknown}
 G - an uncursed ring of protection from fire
 J - a ring of see invisible (right claw)
 R - an uncursed ring of flight {unknown}
Wands
 m - a wand of flame (38)
 t - a wand of digging (10)
 y - a wand of scattershot (3)
 H - a wand of iceblast (9)
 I - a wand of paralysis (55)
 N - a wand of acid (12)
Scrolls
 a - a scroll of fog
 e - 5 scrolls of teleportation
 k - a scroll of remove curse
 l - a scroll of enchant armour {unknown}
 q - a scroll of random uselessness {unknown}
 B - a scroll of magic mapping
 F - a scroll of noise {unknown}
 P - a scroll of enchant weapon {unknown}
Potions
 c - 2 potions of lignification
 d - 6 potions of curing
 i - a potion of resistance
 n - a potion of degeneration {unknown}
 r - a potion of haste {unknown}
 s - 2 potions of heal wounds {unknown}
 x - 4 potions of ambrosia {unknown}
 C - a potion of mutation {unknown}
 D - a potion of agility
 L - 2 potions of brilliance {unknown}
 O - a potion of might {unknown}
Comestibles
 b - 20 rations
 S - 4 chunks of flesh


   Skills:
 + Level 9.2 Fighting
 - Level 3.2 Dodging
 - Level 1.0 Stealth
 + Level 8.4 Shields
 + Level 10.9 Unarmed Combat
 + Level 2.1 Evocations


You had 10 spell levels left.
You didn't know any spells.

Dungeon Overview and Level Annotations

Branches:
Dungeon (11/15)            Temple (1/1) D:6            Lair (0/6) D:8
    Orc (0/2) D:9

Altars:
Ashenzari
Cheibriados
Dithmenos
Elyvilon
Fedhas
Gozag
Hepliaklqana
Kikubaaqudgha
Makhleb
Nemelex Xobeh
Okawaru
Qazlal
Ru
Sif Muna
Trog
Uskayaw
Vehumet
Wu Jian
Yredelemnul
Zin

Shops:
D:4 *[%


Innate Abilities, Weirdness & Mutations

You are too large for most types of armour.
You have claws for hands.
Your metabolism is lightning-fast.
You like to eat raw meat.
Your natural rate of healing is unusually fast.
You are covered in fur. (AC +1)
You have very tough skin. (AC +2)


Message History

* * * LOW HITPOINT WARNING * * *
The five-headed hydra bites you!
* * * LOW HITPOINT WARNING * * *
You finish taking off your +0 shield.
Okay, then.
You feel better. The five-headed hydra bites you!
* * * LOW HITPOINT WARNING * * *
The five-headed hydra bites you but does no damage.
The five-headed hydra bites you.
* * * LOW HITPOINT WARNING * * *
The five-headed hydra closely misses you.
The five-headed hydra barely misses you.
You feel better.
The five-headed hydra closely misses you.
The five-headed hydra bites you.
* * * LOW HITPOINT WARNING * * *
The five-headed hydra bites you!
* * * LOW HITPOINT WARNING * * *
The five-headed hydra bites you.
You die...

##.#.#.#.... #...# .#
#.#....#.#.
#...##.####.#....#.#.
+....................
#...##.####.#........
#####...# .# #.#.#..#.##
#.......# .# ##..........
#.......##'###....#.##.##
#.......@D........#.# ...
#######...........# . ..
#.......###.# ## #
#.......# ..) # #.......#
#### # ####.#### # #.# #
#.# .


You could see a five-headed hydra.

Vanquished Creatures
  Gastronok (D:8)
  3 death yaks
  A two-headed ogre (D:9)
  The ghost of kae the Insei, a novice GnTm of Okawaru (D:7)
  The ghost of Jaiteiro the Grasshopper, a novice GnWr (D:5)
  Maurice (D:8)
  Joseph (D:7)
  A troll (D:11)
  Grinder (D:4)
  A hornet (D:7)
  Sigmund (D:6)
  The ghost of cjay27 the Chopper, an amateur HOAK of Lugonu (D:3)
  Grum (D:8)
  A warg (D:9)
  A sky beast (D:6)
  3 orc warriors
  3 ogres
  3 ice beasts
  An eye of draining (D:9)
  3 phantoms
  2 centaurs (D:10)
  2 wolves (D:7)
  2 crocodiles
  2 big kobolds
  5 bullfrogs
  A water moccasin zombie (D:4)
  A scorpion (D:6)
  11 killer bees (D:10)
  3 wights (D:10)
  6 howler monkeys
  A crimson imp (D:5)
  2 bullfrog zombies
  A centaur zombie (D:6)
  A jelly (D:9)
  A quasit (D:8)
  Crazy Yiuf (D:7)
  5 orc priests
  A hound (D:8)
  3 centaur skeletons
  Ijyb (D:3)
  Terence (D:2)
  Jessica (D:3)
  3 iguanas
  5 orc wizards
  7 worker ants
  A hell rat (D:8)
  2 hound skeletons
  Robin (D:2)
  A worker ant zombie (D:6)
  5 adders
  2 gnolls (D:6)
  A river rat (D:8)
  A shadow imp (D:6)
  An ooze (D:1)
  2 adder zombies
  A worm (D:2)
  2 dart slugs
  2 leopard geckos (D:4)
  16 orcs
  5 bats
  3 giant cockroaches
  2 gnoll zombies (D:2)
  18 goblins
  15 hobgoblins
  3 jackals
  17 kobolds
  9 quokkas
  9 frilled lizards
  A leopard gecko zombie (D:6)
  A quokka zombie (D:5)
  9 rats
229 creatures vanquished.

Notes
Turn   | Place    | Note
-------+----------+-------------------------------------------
     0 | D:1      | Mesmaeker13 the Troll Monk began the quest for the Orb.
     0 | D:1      | Reached XP level 1. HP: 22/22 MP: 0/0
    72 | D:1      | Reached XP level 2. HP: 19/29 MP: 1/1
   671 | D:1      | Reached XP level 3. HP: 36/36 MP: 2/2
   765 | D:2      | Noticed Terence
   774 | D:2      | Killed Terence
   922 | D:2      | Found a stormy altar of Qazlal.
   926 | D:2      | Reached XP level 4. HP: 44/45 MP: 3/3
  1067 | D:2      | Found a basalt altar of Yredelemnul.
  1275 | D:2      | Noticed Robin
  1300 | D:2      | Killed Robin
  1748 | D:3      | Noticed Jessica
  1756 | D:3      | Killed Jessica
  1756 | D:3      | Reached skill level 4 in Unarmed Combat
  1756 | D:3      | Reached XP level 5. HP: 52/53 MP: 4/4
  1795 | D:3      | Noticed cjay27's ghost (amateur HOAK)
  2273 | D:3      | Noticed Ijyb
  2283 | D:3      | Killed Ijyb
  2283 | D:3      | Reached skill level 1 in Shields
  2360 | D:3      | Found a sparkling altar of Nemelex Xobeh.
  2470 | D:4      | Found Atifoaw's Antique Armour Emporium.
  2483 | D:4      | Bought a glowing robe for 88 gold pieces
  2600 | D:4      | Found Majopit's Assorted Antiques.
  2775 | D:4      | Noticed Grinder
  2787 | D:4      | Paralysed by Grinder for 6 turns
  2805 | D:5      | Entered Level 5 of the Dungeon
  2885 | D:5      | Got a translucent rapier
  2902 | D:5      | Noticed an ice beast
  2909 | D:5      | Killed an ice beast
  2909 | D:5      | Reached XP level 6. HP: 47/62 MP: 5/5
  3104 | D:5      | Reached skill level 5 in Unarmed Combat
  3167 | D:5      | Noticed Jaiteiro's ghost (novice GnWr)
  3207 | D:6      | Found a staircase to the Ecumenical Temple.
  3218 | D:6      | Reached XP level 7. HP: 23/71 MP: 6/6
  3484 | D:6      | Reached skill level 6 in Unarmed Combat
  3640 | D:6      | Reached skill level 5 in Fighting
  3671 | D:6      | Identified the cursed +1 rapier of a bailey {pierce, rPois} (You found it on level 5 of the Dungeon)
  3735 | D:6      | Reached XP level 8. HP: 64/80 MP: 7/7
  3875 | D:6      | Noticed Sigmund
  3901 | D:6      | Killed Sigmund
  3978 | D:6      | Found a burning altar of Makhleb.
  3978 | D:6      | Noticed a balrug
  3999 | Temple   | Entered the Ecumenical Temple
  4196 | Temple   | Became a worshipper of Trog the Wrathful
  4196 | Temple   | Reached * piety under Trog
  4196 | Temple   | Reached ** piety under Trog
  4683 | D:5      | Found an iron altar of Okawaru.
  4824 | D:5      | Killed Jaiteiro's ghost
  4824 | D:5      | Reached skill level 5 in Shields
  4824 | D:5      | Reached skill level 7 in Unarmed Combat
  4957 | D:5      | Reached XP level 9. HP: 55/89 MP: 8/8
  5256 | D:4      | Killed Grinder
  5322 | D:4      | Found Ihauv's Food Boutique.
  5722 | D:3      | Killed cjay27's ghost
  5722 | D:3      | Reached skill level 8 in Unarmed Combat
  6038 | D:7      | Paralysed by a hornet for 3 turns
  6047 | D:7      | Paralysed by a hornet for 2 turns
  6239 | D:7      | Found a blossoming altar of Fedhas.
  6401 | D:7      | Noticed Joseph
  6418 | D:7      | Killed Joseph
  6539 | D:7      | Found a runed door.
  6610 | D:7      | Noticed kae's ghost (novice GnTm)
  6639 | D:7      | Killed kae's ghost
  6639 | D:7      | Reached skill level 9 in Unarmed Combat
  6639 | D:7      | Reached XP level 10. HP: 76/102 MP: 9/9
  6896 | D:7      | Noticed Crazy Yiuf
  6901 | D:7      | Killed Crazy Yiuf
  6974 | D:8      | Noticed Grum
  7006 | D:8      | Killed Grum
  7014 | D:8      | Noticed Gastronok
  7157 | D:8      | Killed Gastronok
  7157 | D:8      | Reached *** piety under Trog
  7246 | D:8      | Noticed Maurice
  7287 | D:8      | Paralysed by Maurice for 4 turns
  7294 | D:8      | Killed Maurice
  7354 | D:8      | Found a white marble altar of Elyvilon.
  7420 | D:8      | Noticed a death yak
  7421 | D:8      | Found a staircase to the Lair.
  7423 | D:8      | Noticed a death yak
  7423 | D:8      | Noticed a death yak
  7441 | D:8      | Killed a death yak
  7441 | D:8      | Reached skill level 10 in Unarmed Combat
  7474 | D:7      | Killed a death yak
  7540 | D:7      | Killed a death yak
  7540 | D:7      | Reached XP level 11. HP: 113/113 MP: 10/10
  7659 | D:8      | Found a shadowy altar of Dithmenos.
  7716 | D:8      | Found a snail-covered altar of Cheibriados.
  7810 | D:9      | Noticed a two-headed ogre
  7817 | D:9      | Killed a two-headed ogre
  7846 | D:9      | Found a hazy altar of Hepliaklqana.
  7941 | D:9      | Found a staircase to the Orcish Mines.
  7960 | D:9      | Reached **** piety under Trog
  8096 | D:9      | Reached skill level 1 in Evocations
  8530 | D:10     | Entered Level 10 of the Dungeon
  9036 | D:10     | Reached ***** piety under Trog
  9406 | D:11     | Noticed a four-headed hydra
  9416 | D:11     | HP: 1/115 [five-headed hydra (14)]
  9416 | D:11     | Slain by a five-headed hydra

Skill      XL: |  1  2  3  4  5  6  7  8  9 10 11 |
---------------+----------------------------------+-----
Fighting       | 3 4 5 6 7 8 9 |  9.2
Dodging        | 3 |  3.2
Unarmed Combat | 4 5 6 7 9 10 | 10.9
Shields        | 1 2 3 5 6 7 8 |  8.4
Evocations     | 2 |  2.1
Stealth        | |  1.0

Action                   |  1- 3 |  4- 6 |  7- 9 | 10-12 || total
-------------------------+-------+-------+-------+-------++-------
Melee: Unarmed           |    72 |   172 |   261 |   227 ||   732
       Punch             |       |     4 |    13 |       ||    17
Invok: Berserk           |       |       |     1 |     5 ||     6
       Burn Spellbooks   |       |       |       |     1 ||     1
Evoke: Wand              |       |     2 |       |     1 ||     3
  Use: Scroll            |       |     6 |     6 |       ||    12
       Potion            |       |     1 |     2 |     2 ||     5
 Stab: Sleeping          |     1 |     7 |     2 |     4 ||    14
       Distracted        |       |       |       |     1 ||     1
       Paralysed         |       |       |       |     1 ||     1
  Eat: Chunk             |    13 |    20 |    30 |    35 ||    98
Armor: Robe              |    17 |    43 |    49 |    43 ||   152
Dodge: Dodged            |    34 |    81 |    88 |    70 ||   273
Block: Shield            |       |       |    26 |    97 ||   123
